 Dungeon Crawl Stone Soup version 0.29-a0-2-g12fcac58f8 (webtiles) character file.

Game seed: 12515422308021014037

333 pokeman the Magician (level 6, -5/34 HPs)
             Began as a Deep Elf Hedge Wizard on Jan 26, 2022.
             Killed from afar by poover's ghost (18 damage)
             ... with a stone arrow
             ... on level 4 of the Dungeon.
             The game lasted 00:09:44 (5719 turns).

pokeman the Magician (Deep Elf Hedge Wizard)        Turns: 5719, Time: 00:09:45

Health: -5/34      AC:  5    Str:  7    XL:     6   Next: 27%
Magic:  2/18       EV: 12    Int: 21    God:
Gold:   195        SH:  0    Dex: 20    Spells: 8/19 levels left

rFire   . . .      SeeInvis +   t - +2 spear (venom)
rCold   . . .      Faith    .   (no shield)
rNeg    . . .      Spirit   .   h - +0 leather armour
rPois   .          Reflect  .   p - +0 helmet
rElec   .          Harm     .   (no cloak)
rCorr   .          Rampage  .   q - +0 pair of gloves
Will    .....                   (no boots)
Stlth   ++........              (no amulet)
HPRegen 0.11/turn               r - ring of see invisible
MPRegen 0.16/turn               u - +6 ring of dexterity

@: no status effects
A: no striking features
a: no special abilities


You were on level 4 of the Dungeon.
You visited 1 branch of the dungeon, and saw 4 of its levels.

You collected 195 gold pieces.

Inventory:

Hand Weapons
 t - a +2 spear of venom (weapon)
Missiles
 i - 58 arrows
Armour
 h - a +0 leather armour (worn)
 p - a +0 helmet (worn)
 q - a +0 pair of gloves (worn)
Magical Staves
 a - a staff of earth
Jewellery
 r - a ring of see invisible (left hand)
 u - a +6 ring of dexterity (right hand)
Scrolls
 d - a scroll of holy word {unknown}
 e - 2 scrolls of identify {unknown}
 f - a scroll of enchant weapon {unknown}
 g - 3 scrolls of teleportation {unknown}
 m - 4 scrolls of fear {unknown}
 n - a scroll of amnesia {unknown}
 o - 2 scrolls of vulnerability {unknown}
 v - a scroll of fog {unknown}
Potions
 b - a potion of heal wounds
 c - 2 potions of lignification {unknown}
 j - a potion of might {unknown}
 k - 2 potions of invisibility {unknown}
 l - 3 potions of curing {unknown}
 s - a potion of flight {unknown}


   Skills:
 - Level 1.0 Fighting
 - Level 1.0 Armour
 - Level 3.0 Dodging
 - Level 3.0 Stealth
 * Level 7.0 Spellcasting
 + Level 3.1 Conjurations
 - Level 1.1 Summonings
 - Level 1.1 Translocations
 - Level 1.0 Fire Magic
 - Level 1.0 Air Magic
 - Level 1.1 Earth Magic
 + Level 0.3 Poison Magic
 + Level 0.7 Evocations


You had 8 spell levels left.
You knew the following spells:

 Your Spells              Type           Power      Damage    Failure   Level
a - Magic Dart            Conj           80%        1d7       3%          1
b - Mephitic Cloud        Conj/Pois/Air  13%        N/A       21%         3
c - Call Imp              Summ           12%        N/A       12%         2
d - Blink                 Tloc           24%        N/A       12%         2
e - Conjure Flame         Conj/Fire      16%        6-21      17%         3

Your spell library contained the following spells:

 Spells                   Type           Power      Damage    Failure   Level
 Slow                     Hex            28%        N/A       13%         1
 Ensorcelled Hibernation  Hex/Ice        14%        N/A       19%         2
 Spider Form              Tmut/Pois      8%         N/A       34%         3
 Summon Lightning Spire   Summ/Air       11%        N/A       63%         4
 Anguish                  Hex/Necr       3%         N/A       77%         4
 Storm Form               Tmut/Air       4%         N/A       100%        7
 Maxwell's Capacitive Co  Air            5%         ∞         100%        8


Dungeon Overview and Level Annotations

Branches:
Dungeon (4/15)
 Temple: D:4-7

Altars:
Uskayaw

Annotations:
D:4 poover's ghost, amateur OpEE


Message History

You feel very sick.
You feel sick.
You feel sick.
The kobold zaps a wand.
The puff of flame misses you.
You feel sick.
You feel sick.
Poover's ghost turns its malevolent gaze towards you.
The kobold zaps a wand.
The puff of flame misses you.
You feel sick.
You feel sick.
Your magical contamination has completely faded away.
You feel sick.
You are no longer poisoned.
The kobold shouts!
The kobold zaps a wand.
The puff of flame hits you.
The kobold shouts!
The kobold throws a stone.
The stone barely misses you.
The kobold throws a stone.
The stone hits you but does no damage.
There is a stone staircase leading up here.
Casting: Call Imp (safe; 12% risk of failure)
Confirm with . or Enter, or press ? or * to list all spells.
Aiming: Magic Dart (safe; 3% risk of failure)
Press: ? - help, Shift-Dir - straight line, f - kobold
Aim: a kobold, wielding a +0 short sword (100% to hit)
The magic dart hits the kobold but does no damage.
Casting: Magic Dart (safe; 3% risk of failure)
Confirm with . or Enter, or press ? or * to list all spells.
Aiming: Magic Dart (safe; 3% risk of failure)
Press: ? - help, Shift-Dir - straight line, f/p - kobold
Aim: a kobold, wielding a +0 short sword (100% to hit)
The magic dart hits the kobold.
The kobold is heavily wounded.
The kobold hits you with a +0 short sword.
Unknown command.
You hit the kobold.
You kill the kobold!
Unknown command.
Poover's ghost casts a spell at you. The stone arrow hits you!!
Ouch! That really hurt!
You die...

)..K.K............##.#
###.####........)....#
..#...............##.#######
.....###........#..........#
##.#K###...................#
#.#.......................#
#.####.##............#....#
#..# #K###..........###...##
###.###.##....K)@...##.##...# #
#.PPP.##...KW......#.'....## #
#P........>K....#.##†##.#..##
###.P............####...####..#
..........#.....##........(##.#
....#..#.##..#...####...####..#
.........#........#.##.##.#..##
.....................#.#....##
.......#.#..........##.##.###


You could see a kobold brigand, poover's ghost and 2 kobolds.

Vanquished Creatures
  A centaur zombie (D:4)
  A jelly (D:3)
  2 scorpion zombies (D:4)
  A hound zombie (D:4)
  Robin (D:3)
  3 gnolls (D:4)
  4 adders
  An adder zombie (D:4)
  An adder skeleton (D:4)
  3 worms
  2 dart slugs (D:1)
  2 orcs (D:3)
  5 endoplasms
  3 giant cockroaches
  7 hobgoblins
  10 jackals
  15 kobolds
  5 quokkas
  3 ball pythons
  8 bats
  2 frilled lizards
  11 goblins
  A quokka zombie (D:4)
  8 rats
100 creatures vanquished.

Vanquished Creatures (collateral kills)
  5 goblins (D:3)
  A hobgoblin (D:3)
  A ball python (D:3)
7 creatures vanquished.

Vanquished Creatures (others)
  2 withered plants (D:4)
2 creatures vanquished.

Grand Total: 109 creatures vanquished

Notes
Turn   | Place    | Note
-------+----------+-------------------------------------------
     0 | D:1      | pokeman the Deep Elf Hedge Wizard began the quest for the
                  | Orb.
     0 | D:1      | Reached XP level 1. HP: 10/10 MP: 7/7
   426 | D:1      | Found a faded altar of an unknown god.
   628 | D:1      | Reached XP level 2. HP: 16/16 MP: 5/9
   991 | D:1      | Reached skill level 5 in Spellcasting
  1256 | D:1      | Reached XP level 3. HP: 20/20 MP: 3/11
  1651 | D:1      | Learned a level 3 spell: Mephitic Cloud
  1654 | D:1      | Learned a level 2 spell: Call Imp
  1657 | D:1      | Learned a level 2 spell: Blink
  1661 | D:1      | Learned a level 3 spell: Conjure Flame
  1937 | D:2      | Reached skill level 1 in Fighting
  2166 | D:2      | Reached skill level 1 in Armour
  2739 | D:3      | Reached XP level 4. HP: 25/25 MP: 1/13
  3226 | D:3      | Reached skill level 1 in Fire Magic
  3380 | D:3      | Noticed Robin
  3403 | D:3      | Killed Robin
  3449 | D:3      | Reached skill level 6 in Spellcasting
  3755 | D:3      | Reached XP level 5. HP: 29/29 MP: 13/15
  4429 | D:4      | Reached skill level 1 in Air Magic
  4547 | D:4      | Found a hide-covered altar of Uskayaw.
  4936 | D:4      | Reached XP level 6. HP: 16/34 MP: 7/17
  4940 | D:4      | Reached skill level 1 in Earth Magic
  5399 | D:4      | Found a runed translucent gate.
  5399 | D:4      | Found a runed translucent gate.
  5402 | D:4      | Found a runed translucent gate.
  5403 | D:4      | Noticed poover's ghost (amateur OpEE)
  5680 | D:4      | Reached skill level 7 in Spellcasting
  5719 | D:4      | Killed from afar by poover's ghost

Illustrated notes

Levels and vault maps discovered:
D:1:      psy_arrival_conway, layout_basic, chequers_ecumenical_altar_island,
          kennysheep_crisscross
D:2:      layout_rooms, minmay_indecisive_spiral
D:3:      layout_basic, uniq_robin
D:4:      layout_rooms, eat_drink_and_be_merry_uskayaw, serial_undead,
          serial_undead_d, serial_undead_b, serial_undead_a, serial_undead_e,
          gammafunk_ghost_nasty_kobolds, minmay_fractal_squares_gapless_5

Skill      XL: |  1  2  3  4  5  6 |
---------------+-------------------+-----
Spellcasting   | 5 6 7 |  7.0
Fighting       | 1 |  1.0
Armour         | 1 |  1.0
Conjurations   | 2 3 |  3.1
Fire Magic     | 1 |  1.0
Dodging        | 3 |  3.0
Air Magic      | 1 |  1.0
Stealth        | 3 |  3.0
Earth Magic    | 1 |  1.1
Summonings     | |  1.1
Translocations | |  1.1
Poison Magic   | |  0.3
Evocations     | |  0.7

Action                   |  1- 3 |  4- 6 || total
-------------------------+-------+-------++-------
Melee: Dagger            |    16 |       ||    16
       Mace              |     3 |    23 ||    26
       Punch             |     1 |       ||     1
       Spear             |       |     6 ||     6
 Cast: Magic Dart        |   130 |   102 ||   232
       Mephitic Cloud    |     1 |     3 ||     4
       Call Imp          |       |     3 ||     3
       Conjure Flame     |       |     6 ||     6
       Blink             |       |     1 ||     1
  Use: Potion            |       |     1 ||     1
 Stab: Confused          |     3 |       ||     3
Armor: Robe              |     8 |       ||     8
       Leather armour    |     3 |    18 ||    21
Dodge: Dodged            |    29 |    37 ||    66

Table legend: (Time is in decaauts)
 A = Elapsed time spent in this place.
 B = Non-inter-level travel time spent in this place.
 C = Inter-level travel time spent in this place.
 D = Time resting spent in this place.
 E = Time spent auto-exploring this place.
 F = Levels seen in this place.
 G = Mean time per level.
                   A        B        C        D        E       F      G
               +--------+--------+--------+--------+--------+-----+--------+
         Total |   5734 |   5671 |     63 |    583 |   4347 |   4 | 1433.5 |
       Dungeon |   5734 |   5671 |     63 |    583 |   4347 |   4 | 1433.5 |
               +--------+--------+--------+--------+--------+-----+--------+

Top non-repeatable levels by time:
     D:1: 1829 daAuts
     D:3: 1692 daAuts
     D:4: 1341 daAuts
     D:2: 871 daAuts
